Thunder vs Patriotes
Created - November 29, 2017 at 23:23
Goals
|
| Thunder |
0 |
1 |
2 |
3 |
| Patriotes |
0 |
2 |
4 |
6 |
|
Shots
|
| Thunder |
15 |
8 |
16 |
39 |
| Patriotes |
21 |
11 |
15 |
47 |
|
1st period
No Goal
Penalties :
Robbie Russo (Nyc) for Interference (Minor) at 17:43
2nd period
1. Thunder , Adam Hall 10 (Jay Beagle 2, Dougie Hamilton 9) at 5:39 (PP)
2. Patriotes , Ryan Wilson 3 (Emerson Etem 9, Evgeny Kuznetsov 14) at 6:55
3. Patriotes , Evgeny Kuznetsov 9 (Anthony Bitetto 9, Alex Petrovic 2) at 11:26
Penalties :
Lauri Tukonen (Nyc) for Tripping (Minor) at 5:00, Joey Ryan (TRO) for Interference (Minor) at 9:10, David Wolf (TRO) for Roughing (Double Minor) at 12:30
3rd period
4. Patriotes , Andrew Gordon 12 (Zach Budish 5, Phil McRae 8) at 5:52
5. Patriotes , Christian Hanson 12 (Andrew Gordon 12, Justin Florek 6) at 8:47
6. Patriotes , Timothy Kunes 3 (Ryan Wilson 14) at 9:25 (PP)
7. Thunder , Scott Parse 8 (Jay Beagle 3, Adam Hall 15) at 13:23 (PP)
8. Patriotes , Emerson Etem 4 (Evgeny Kuznetsov 15, Anthony Bitetto 10) at 16:14
9. Thunder , Adam Hall 11 (Jay Beagle 4, Dougie Hamilton 10) at 17:41
Penalties :
Justin Florek (Nyc) for Holding Stick (Minor) at 0:15, David Fischer (TRO) for Roughing (Minor) at 9:09, Anthony Bitetto (Nyc) for Hooking (Minor) at 11:36, Brett Festerling (TRO) for Hooking (Minor) at 18:47, David Fischer (TRO) for Hooking (Minor) at 19:05
Goalie Stats
Matt Murray (TRO), 41 saves from 47 shots - (0.872), L, 4-7-0, 60:00 minutes
Marek Schwarz (Nyc), 36 saves from 39 shots - (0.923), W, 2-7-2, 60:00 minutes
Players Stats for Thunder
Player Name G A P +/- PIM S H SB GA TA FO MP PP MP PK MP
------------------------------------------------------------------------------------
Adam Hall 2 1 3 0 0 10 1 1 1 0 2/3 22:54 3:47 1:48
Austin Wuthrich 0 0 0 0 0 0 0 0 0 0 0/0 0:22 0:00 0:00
Brett Festerling 0 0 0 -2 2 4 0 1 1 0 0/0 19:33 2:40 3:04
Dalton Smith 0 0 0 -1 0 3 1 0 1 0 0/0 8:24 0:00 2:00
Dany Roussin 0 0 0 0 0 3 4 0 1 0 0/0 17:48 2:37 3:09
Daultan Leveillé 0 0 0 0 0 1 1 0 0 1 7/15 14:39 2:37 0:00
David Fischer 0 0 0 -2 4 1 2 1 0 1 0/0 23:11 3:44 3:35
David Wolf 0 0 0 -3 4 2 2 0 1 0 0/0 12:13 0:00 0:32
Dougie Hamilton 0 2 2 0 0 2 0 1 3 0 0/0 26:45 3:44 2:22
Jared Staal 0 0 0 -3 0 0 0 0 0 0 0/0 10:55 0:00 0:00
Jay Beagle 0 3 3 0 0 0 0 0 0 0 17/37 20:31 3:47 0:00
Joe Labate 0 0 0 -3 0 0 1 0 0 1 1/4 10:55 0:00 0:00
Joey Ryan 0 0 0 -2 2 1 0 1 0 0 0/0 14:47 0:00 3:27
Ludwig Bystrom 0 0 0 -2 0 0 0 0 0 0 0/0 11:45 0:00 2:19
Olli Maatta 0 0 0 0 0 0 2 1 1 0 0/0 23:30 2:40 0:04
Pierre-Alexandre Parente 0 0 0 0 0 5 1 2 1 1 0/1 16:04 2:37 1:20
Scott Parse 1 0 1 0 0 6 4 1 1 1 5/10 24:45 3:47 4:14
Thomas Spelling 0 0 0 -1 0 1 0 0 0 0 0/0 5:15 0:00 0:00
Zach Stepan 0 0 0 -1 0 0 0 0 0 0 1/3 7:19 0:00 0:55
Players Stats for Patriotes
Player Name G A P +/- PIM S H SB GA TA FO MP PP MP PK MP
------------------------------------------------------------------------------------
Aaron Ness 0 0 0 0 0 0 0 0 0 1 0/0 10:25 0:00 0:39
Alex Petrovic 0 1 1 4 0 0 1 0 0 2 0/0 20:55 2:46 2:34
Andrew Gordon 1 1 2 1 0 6 1 0 0 0 3/7 27:28 4:07 3:36
Anthony Bitetto 0 2 2 4 2 0 0 2 0 1 0/0 20:15 2:46 1:55
Austin Watson 0 0 0 3 0 0 1 0 0 0 0/0 14:19 0:00 0:52
Christian Hanson 1 0 1 0 0 5 1 1 1 0 17/30 21:14 4:07 3:41
David Kolomatis 0 0 0 0 0 3 1 0 0 0 0/0 10:07 0:09 0:00
Emerson Etem 1 1 2 3 0 6 2 0 0 0 0/0 13:09 0:00 0:00
Evgeny Kuznetsov 1 2 3 3 0 7 0 0 1 0 9/13 13:09 0:00 0:00
Jared Knight 0 0 0 0 0 0 0 0 0 0 1/1 1:28 0:44 0:00
Justin Florek 0 1 1 0 2 3 1 0 0 0 0/0 17:33 4:07 0:00
Lauri Tukonen 0 0 0 0 2 1 0 2 0 0 0/0 16:31 2:46 1:32
Phil McRae 0 1 1 1 0 1 0 0 0 0 1/3 6:59 0:00 0:00
Riley Barber 0 0 0 0 0 0 0 0 0 0 0/1 1:44 0:00 1:26
Robbie Russo 0 0 0 0 2 0 0 0 0 0 0/0 3:33 0:09 0:00
Robert Baillargeon 0 0 0 0 0 0 0 0 0 0 0/0 0:00 0:00 0:00
Ryan Wilson 1 1 2 0 0 6 2 3 3 3 0/0 28:58 4:31 3:50
Scott Glennie 0 0 0 0 0 0 0 0 0 0 0/0 0:40 0:36 0:00
Timothy Kunes 1 0 1 0 0 5 4 1 0 3 0/0 26:02 4:31 3:50
Vince Hinostroza 0 0 0 0 0 1 1 0 0 0 0/2 14:54 2:40 0:00
Zach Budish 0 1 1 1 0 1 0 0 0 1 1/1 7:26 0:27 0:00
Zenon Konopka 0 0 0 0 0 2 1 1 0 0 8/15 16:43 2:44 1:41
3 Stars
1 - Evgeny Kuznetsov (Nyc)
2 - Adam Hall (TRO)
3 - Emerson Etem (Nyc)
Power Play
Thunder - 2 on 4 Attempt(s) - 50.00%
Patriotes - 1 on 6 Attempt(s) - 16.67%
Penalty Kill
Thunder - 5 on 6 Attempt(s) - 83.33%
- Score 0 goal in Penalty Kill
Patriotes - 2 on 4 Attempt(s) - 50.00%
- Score 0 goal in Penalty Kill
Team Stat
Thunder - Hits : 19 - Faceoff Wins : 33 - Blocked Shots : 9 - Penalty Minutes : 12
Patriotes - Hits : 16 - Faceoff Wins : 40 - Blocked Shots : 10 - Penalty Minutes : 8
Official
Referees : Furlatt Eric and Charron Francis
Linesman : Jonny Murray and Greg Devorski
Game Notes
19:38 of 3rd period - Patriotes goal is going for a video replay. After video review, No Goal. The attacking player has interfered with a goalkeeper in his goal crease.
Finance
Level 1 -- Attendance: 1358 (67.90%) -- Ticket Income $54,320
Level 2 -- Attendance: 743 (74.30%) -- Ticket Income $14,860
Total Attendance: 2101 (70.03%)
Total Ticket Income: $69,180
Other Income: $3,459
Total Income: $72,639
Thunder
5 vs 5 Forward
Center Left Wing Right Wing Time % Phy DF OF
1 Jay Beagle Scott Parse Adam Hall 40 1 2 2
2 Daultan Leveillé Dany Roussin Pierre-Alexandre Parentea30 1 2 2
3 Joe Labate David Wolf Jared Staal 20 1 2 2
4 Zach Stepan Dalton Smith Thomas Spelling 10 1 2 2
5 vs 5 Defense
Defense Defense Time % Phy DF OF
1 Olli Maatta Dougie Hamilton 40 1 2 2
2 David Fischer Brett Festerling 30 1 2 2
3 Joey Ryan Ludwig Bystrom 20 1 2 2
4 David Fischer Joey Ryan 10 1 2 2
PowerPlay Forward
Center Left Wing Right Wing Time % Phy DF OF
1 Jay Beagle Scott Parse Adam Hall 60 1 2 2
2 Daultan Leveillé Dany Roussin Pierre-Alexandre Parentea40 1 2 2
PowerPlay Defense
Defense Defense Time % Phy DF OF
1 David Fischer Dougie Hamilton 60 1 2 2
2 Olli Maatta Brett Festerling 40 1 2 2
Penalty Kill 4 Players Forward
Center Wing Time % Phy DF OF
1 Scott Parse Dany Roussin 60 1 2 2
2 Adam Hall Pierre-Alexandre Parentea40 1 2 2
Penalty Kill 4 Players Defense
Defense Defense Time % Phy DF OF
1 David Fischer Joey Ryan 60 1 2 2
2 Dougie Hamilton Brett Festerling 40 1 2 2
Penalty Kill - 3 Players Forward
Forward Time % Phy DF OF
1 Scott Parse 60 1 2 2
2 Dany Roussin 40 1 2 2
Penalty Kill - 3 Players Defense
Defense Defense Time % Phy DF OF
1 David Fischer Joey Ryan 60 1 2 2
2 Dougie Hamilton Brett Festerling 40 1 2 2
4 vs 4 Forward
Center Wing Time % Phy DF OF
1 Scott Parse Dany Roussin 60 1 2 2
2 Adam Hall Pierre-Alexandre Parentea40 1 2 2
4 vs 4 Defense
Defense Defense Time % Phy DF OF
1 David Fischer Joey Ryan 60 1 2 2
2 Dougie Hamilton Brett Festerling 40 1 2 2
Last Minutes Offensive
Center Left Wing Right Wing Defense Defense
Jay Beagle Scott Parse Adam Hall David Fischer Joey Ryan
Last Minutes Defensive
Center Left Wing Right Wing Defense Defense
Jay Beagle Scott Parse Adam Hall David Fischer Joey Ryan
Goaltenders
Starting : Matt Murray
Backup : Devan Dubnyk
Extra Forwards
Normal : Austin Wuthrich, David Wolf, Dalton Smith - PP : Austin Wuthrich, David Wolf - PK : Dalton Smith
Extra Defensemen
Normal : Olli Maatta, Ludwig Bystrom, Dougie Hamilton - PP : Olli Maatta - PK : Ludwig Bystrom, Dougie Hamilton
Penalty Shots
Scott Parse, Dany Roussin, Adam Hall, Pierre-Alexandre Parenteau, Jay Beagle
Scratches
Peter Andersson (Back Injury), Nikolay Prokhorkin (Healthy), Gianluca Curcuruto (Healthy), Niklas Treutle (Healthy)
Patriotes
5 vs 5 Forward
Center Left Wing Right Wing Time % Phy DF OF
1 Christian Hanson Justin Florek Andrew Gordon 40 1 2 2
2 Zenon Konopka Vince Hinostroza Lauri Tukonen 30 1 2 2
3 Evgeny Kuznetsov Austin Watson Emerson Etem 20 1 2 2
4 Phil McRae Andrew Gordon Zach Budish 10 1 2 2
5 vs 5 Defense
Defense Defense Time % Phy DF OF
1 Ryan Wilson Timothy Kunes 40 1 2 2
2 Anthony Bitetto Alex Petrovic 30 1 2 2
3 David Kolomatis Aaron Ness 20 1 2 2
4 Robbie Russo Ryan Wilson 10 1 2 2
PowerPlay Forward
Center Left Wing Right Wing Time % Phy DF OF
1 Christian Hanson Justin Florek Andrew Gordon 60 1 2 2
2 Zenon Konopka Vince Hinostroza Lauri Tukonen 40 1 2 2
PowerPlay Defense
Defense Defense Time % Phy DF OF
1 Ryan Wilson Timothy Kunes 60 1 2 2
2 Anthony Bitetto Alex Petrovic 40 1 2 2
Penalty Kill 4 Players Forward
Center Wing Time % Phy DF OF
1 Andrew Gordon Christian Hanson 60 1 2 2
2 Zenon Konopka Lauri Tukonen 40 1 2 2
Penalty Kill 4 Players Defense
Defense Defense Time % Phy DF OF
1 Ryan Wilson Timothy Kunes 60 1 2 2
2 Anthony Bitetto Alex Petrovic 40 1 2 2
Penalty Kill - 3 Players Forward
Forward Time % Phy DF OF
1 Andrew Gordon 60 1 2 2
2 Christian Hanson 40 1 2 2
Penalty Kill - 3 Players Defense
Defense Defense Time % Phy DF OF
1 Ryan Wilson Timothy Kunes 60 1 2 2
2 Anthony Bitetto Alex Petrovic 40 1 2 2
4 vs 4 Forward
Center Wing Time % Phy DF OF
1 Andrew Gordon Christian Hanson 60 1 2 2
2 Zenon Konopka Lauri Tukonen 40 1 2 2
4 vs 4 Defense
Defense Defense Time % Phy DF OF
1 Ryan Wilson Timothy Kunes 60 1 2 2
2 Anthony Bitetto Alex Petrovic 40 1 2 2
Last Minutes Offensive
Center Left Wing Right Wing Defense Defense
Christian Hanson Justin Florek Andrew Gordon Ryan Wilson Timothy Kunes
Last Minutes Defensive
Center Left Wing Right Wing Defense Defense
Christian Hanson Justin Florek Andrew Gordon Ryan Wilson Timothy Kunes
Goaltenders
Starting : Marek Schwarz
Backup : Andrei Vasilevskiy
Extra Forwards
Normal : Jared Knight, Scott Glennie, Riley Barber - PP : Jared Knight, Scott Glennie - PK : Riley Barber
Extra Defensemen
Normal : David Kolomatis, Aaron Ness, Robbie Russo - PP : David Kolomatis - PK : Aaron Ness, Robbie Russo
Penalty Shots
Andrew Gordon, Christian Hanson, Zenon Konopka, Lauri Tukonen, Evgeny Kuznetsov
Scratches
Fedor Fedorov (Left Knee Injury), Phoenix Copley (Healthy)
% Time on Ice - Thunder
Lines # - Real PCT - Wanted PCT - Time Play
Normal Forward
1 - 39% - 40% - 17:53
2 - 26% - 30% - 12:07
3 - 24% - 20% - 10:55
4 - 11% - 10% - 5:15
Normal Defense
1 - 43% - 40% - 19:52
2 - 30% - 30% - 14:02
3 - 20% - 20% - 9:13
4 - 7% - 10% - 3:03
PP Forward
1 - 59% - 60% - 3:47
2 - 41% - 40% - 2:37
PP Defense
1 - 58% - 60% - 3:44
2 - 42% - 40% - 2:40
PK Forward
1 - 80% - 60% - 5:12
2 - 20% - 40% - 1:20
PK Defense
1 - 65% - 60% - 4:14
2 - 35% - 40% - 2:18
PK3 Forward
1 - 100% - 60% - 0:54
2 - 0% - 40% - 0:00
PK3 Defense
1 - 100% - 60% - 0:54
2 - 0% - 40% - 0:00
44 Forward
1 - 0% - 60%
2 - 0% - 40%
44 Defense
1 - 0% - 60%
2 - 0% - 40%
Last Minute Offensive - 0:00
Last Minute Defensive - 0:00
Total
Forward - 60:00
Defense - 60:00
|
% Time on Ice - Patriotes
Lines # - Real PCT - Wanted PCT - Time Play
Normal Forward
1 - 30% - 40% - 13:44
2 - 27% - 30% - 12:18
3 - 28% - 20% - 13:09
4 - 15% - 10% - 6:59
Normal Defense
1 - 39% - 40% - 17:53
2 - 34% - 30% - 15:35
3 - 21% - 20% - 9:46
4 - 6% - 10% - 2:56
PP Forward
1 - 61% - 60% - 4:34
2 - 39% - 40% - 2:52
PP Defense
1 - 63% - 60% - 4:40
2 - 37% - 40% - 2:46
PK Forward
1 - 74% - 60% - 4:43
2 - 26% - 40% - 1:41
PK Defense
1 - 60% - 60% - 3:50
2 - 40% - 40% - 2:34
PK3 Forward
1 - 0% - 60%
2 - 0% - 40%
PK3 Defense
1 - 0% - 60%
2 - 0% - 40%
44 Forward
1 - 0% - 60%
2 - 0% - 40%
44 Defense
1 - 0% - 60%
2 - 0% - 40%
Last Minute Offensive - 0:00
Last Minute Defensive - 0:00
Total
Forward - 60:00
Defense - 60:00
|
Play by Play
1st period
0:01 of 1st period - Christian Hanson wins face-off versus Jay Beagle in neutral zone.
0:16 of 1st period - Backhand shot by Christian Hanson.
0:16 of 1st period - Deflect By Justin Florek.
0:16 of 1st period - Shot Misses the Net.
0:16 of 1st period - Puck is out of play.
0:17 of 1st period - Daultan Leveillé wins face-off versus Zenon Konopka in Thunder zone.
1:12 of 1st period - Wrist shot by Adam Hall.
1:12 of 1st period - Stopped by Marek Schwarz with a rebound.
1:52 of 1st period - Wrist shot by Dalton Smith.
1:52 of 1st period - Shot Misses the Net.
2:14 of 1st period - Ludwig Bystrom is hit by Ryan Wilson and loses puck.
2:59 of 1st period - Snap shot by Emerson Etem.
2:59 of 1st period - Shot Blocked by Olli Maatta.
3:01 of 1st period - Backhand shot by Emerson Etem.
3:01 of 1st period - Shot Misses the Net.
3:07 of 1st period - Snap shot by Evgeny Kuznetsov.
3:07 of 1st period - Stopped by Matt Murray with a rebound.
3:19 of 1st period - Wrist shot by Dalton Smith.
3:19 of 1st period - Stopped by Marek Schwarz without a rebound.
3:20 of 1st period - Zach Budish wins face-off versus Jay Beagle in Patriotes zone.
3:29 of 1st period - Snap shot by Andrew Gordon.
3:29 of 1st period - Stopped by Matt Murray with a rebound.
3:43 of 1st period - Snap shot by Zenon Konopka.
3:43 of 1st period - Shot Misses the Net.
4:01 of 1st period - David Kolomatis is hit by David Wolf and loses puck.
4:42 of 1st period - Icing by Ryan Wilson.
4:43 of 1st period - Jay Beagle wins face-off versus Phil McRae in Patriotes zone.
4:58 of 1st period - Wrist shot by Adam Hall.
4:58 of 1st period - Shot Misses the Net.
5:14 of 1st period - Slapshot by Ryan Wilson.
5:14 of 1st period - Deflect By Vince Hinostroza.
5:14 of 1st period - Stopped by Matt Murray with a rebound.
5:16 of 1st period - Slapshot by Ryan Wilson.
5:16 of 1st period - Shot Blocked by Pierre-Alexandre Parenteau.
5:18 of 1st period - Slapshot by Timothy Kunes.
5:18 of 1st period - Shot Hit the Post.
5:20 of 1st period - Slapshot by Timothy Kunes.
5:20 of 1st period - Shot Misses the Net.
5:22 of 1st period - Slapshot by Timothy Kunes.
5:22 of 1st period - Stopped by Matt Murray without a rebound.
5:23 of 1st period - Evgeny Kuznetsov wins face-off versus Jay Beagle in Thunder zone.
5:24 of 1st period - Wrist shot by Emerson Etem.
5:24 of 1st period - Stopped by Matt Murray with a rebound.
5:27 of 1st period - Icing by Olli Maatta.
5:28 of 1st period - Jay Beagle wins face-off versus Evgeny Kuznetsov in Thunder zone.
5:33 of 1st period - Wrist shot by Scott Parse.
5:33 of 1st period - Stopped by Marek Schwarz with a rebound.
5:39 of 1st period - Snap shot by Adam Hall.
5:39 of 1st period - Stopped by Marek Schwarz without a rebound.
5:40 of 1st period - Andrew Gordon wins face-off versus Daultan Leveillé in Patriotes zone.
5:47 of 1st period - Wrist shot by Christian Hanson.
5:47 of 1st period - Stopped by Matt Murray with a rebound.
6:19 of 1st period - Slapshot by Andrew Gordon.
6:19 of 1st period - Shot Misses the Net.
6:43 of 1st period - Wrist shot by Adam Hall.
6:43 of 1st period - Stopped by Marek Schwarz with a rebound.
6:53 of 1st period - Daultan Leveillé is hit by Emerson Etem and loses puck.
6:59 of 1st period - Off-side.
7:00 of 1st period - Evgeny Kuznetsov wins face-off versus Daultan Leveillé in neutral zone.
7:41 of 1st period - Slapshot by Adam Hall.
7:41 of 1st period - Shot Misses the Net.
8:37 of 1st period - Snap shot by Pierre-Alexandre Parenteau.
8:37 of 1st period - Stopped by Marek Schwarz with a rebound.
8:39 of 1st period - Slapshot by Joey Ryan.
8:39 of 1st period - Stopped by Marek Schwarz with a rebound.
8:41 of 1st period - Snap shot by Pierre-Alexandre Parenteau.
8:41 of 1st period - Shot Blocked by Ryan Wilson.
8:43 of 1st period - Slapshot by Daultan Leveillé.
8:43 of 1st period - Shot Misses the Net.
8:45 of 1st period - Slapshot by Daultan Leveillé.
8:45 of 1st period - Stopped by Marek Schwarz without a rebound.
8:46 of 1st period - Scott Parse wins face-off versus Christian Hanson in Patriotes zone.
9:09 of 1st period - Vince Hinostroza is hit by Dany Roussin and loses puck.
9:14 of 1st period - Slapshot by Dany Roussin.
9:14 of 1st period - Shot Blocked by Anthony Bitetto.
9:22 of 1st period - Slapshot by Pierre-Alexandre Parenteau.
9:22 of 1st period - Stopped by Marek Schwarz with a rebound.
9:38 of 1st period - Wrist shot by Phil McRae.
9:38 of 1st period - Stopped by Matt Murray with a rebound.
9:55 of 1st period - Wrist shot by Emerson Etem.
9:55 of 1st period - Stopped by Matt Murray without a rebound.
9:56 of 1st period - Jay Beagle wins face-off versus Vince Hinostroza in Thunder zone.
9:56 of 1st period - Jay Beagle is hit by Timothy Kunes.
10:04 of 1st period - Timothy Kunes is hit by Olli Maatta and loses puck.
10:09 of 1st period - Wrist shot by Adam Hall.
10:09 of 1st period - Stopped by Marek Schwarz with a rebound.
10:30 of 1st period - Slapshot by Ryan Wilson.
10:30 of 1st period - Stopped by Matt Murray with a rebound.
10:32 of 1st period - Snap shot by Ryan Wilson.
10:32 of 1st period - Stopped by Matt Murray with a rebound.
11:02 of 1st period - David Fischer is hit by David Kolomatis and loses puck.
11:29 of 1st period - Wrist shot by Lauri Tukonen.
11:29 of 1st period - Deflect By Zenon Konopka.
11:29 of 1st period - Stopped by Matt Murray with a rebound.
11:31 of 1st period - Slapshot by David Kolomatis.
11:31 of 1st period - Stopped by Matt Murray with a rebound.
11:33 of 1st period - Slapshot by David Kolomatis.
11:33 of 1st period - Stopped by Matt Murray without a rebound.
11:34 of 1st period - Daultan Leveillé wins face-off versus Evgeny Kuznetsov in Thunder zone.
12:04 of 1st period - David Fischer is hit by Alex Petrovic and loses puck.
12:39 of 1st period - Icing by Alex Petrovic.
12:40 of 1st period - Zenon Konopka wins face-off versus Zach Stepan in Patriotes zone.
13:05 of 1st period - Slapshot by Dougie Hamilton.
13:05 of 1st period - Shot Misses the Net.
13:07 of 1st period - Snap shot by Jay Beagle.
13:07 of 1st period - Deflect By Scott Parse.
13:07 of 1st period - Shot Blocked by Timothy Kunes.
13:07 of 1st period - Puck is out of play.
13:08 of 1st period - Evgeny Kuznetsov wins face-off versus Jay Beagle in Patriotes zone.
13:21 of 1st period - Snap shot by Emerson Etem.
13:21 of 1st period - Shot Misses the Net.
13:23 of 1st period - Slapshot by Ryan Wilson.
13:23 of 1st period - Stopped by Matt Murray with a rebound.
13:25 of 1st period - Wrist shot by Evgeny Kuznetsov.
13:25 of 1st period - Shot Blocked by Scott Parse.
13:27 of 1st period - Slapshot by Timothy Kunes.
13:27 of 1st period - Stopped by Matt Murray with a rebound.
13:29 of 1st period - Slapshot by Ryan Wilson.
13:29 of 1st period - Deflect By Evgeny Kuznetsov.
13:29 of 1st period - Shot Misses the Net.
13:29 of 1st period - Puck is out of play.
13:30 of 1st period - Christian Hanson wins face-off versus Daultan Leveillé in Thunder zone.
13:31 of 1st period - Snap shot by Andrew Gordon.
13:31 of 1st period - Shot Misses the Net.
13:37 of 1st period - Andrew Gordon is hit by Daultan Leveillé and loses puck.
13:44 of 1st period - Wrist shot by Dany Roussin.
13:44 of 1st period - Stopped by Marek Schwarz with a rebound.
13:46 of 1st period - Snap shot by Olli Maatta.
13:46 of 1st period - Shot Misses the Net.
13:53 of 1st period - Icing by Andrew Gordon.
13:54 of 1st period - Zenon Konopka wins face-off versus Jay Beagle in Patriotes zone.
14:01 of 1st period - Snap shot by Lauri Tukonen.
14:01 of 1st period - Shot Misses the Net.
14:03 of 1st period - Slapshot by Lauri Tukonen.
14:03 of 1st period - Shot Blocked by Brett Festerling.
14:07 of 1st period - Snap shot by Zenon Konopka.
14:07 of 1st period - Stopped by Matt Murray without a rebound.
14:08 of 1st period - Jay Beagle wins face-off versus Christian Hanson in Thunder zone.
14:40 of 1st period - Slapshot by Lauri Tukonen.
14:40 of 1st period - Stopped by Matt Murray with a rebound.
14:42 of 1st period - Slapshot by Timothy Kunes.
14:42 of 1st period - Stopped by Matt Murray with a rebound.
14:57 of 1st period - Icing by Evgeny Kuznetsov.
14:58 of 1st period - Evgeny Kuznetsov wins face-off versus Joe Labate in Patriotes zone.
15:13 of 1st period - Wrist shot by Evgeny Kuznetsov.
15:13 of 1st period - Shot Misses the Net.
15:19 of 1st period - Snap shot by Emerson Etem.
15:19 of 1st period - Stopped by Matt Murray with a rebound.
15:34 of 1st period - Off-side.
15:35 of 1st period - Christian Hanson wins face-off versus Jay Beagle in neutral zone.
15:50 of 1st period - Wrist shot by Ryan Wilson.
15:50 of 1st period - Stopped by Matt Murray without a rebound.
15:51 of 1st period - Daultan Leveillé wins face-off versus Zenon Konopka in Thunder zone.
15:51 of 1st period - Daultan Leveillé is hit by Zenon Konopka.
16:38 of 1st period - Snap shot by Emerson Etem.
16:38 of 1st period - Stopped by Matt Murray with a rebound.
16:44 of 1st period - Austin Watson is hit by David Fischer and loses puck.
17:30 of 1st period - Snap shot by Dany Roussin.
17:30 of 1st period - Shot Misses the Net.
17:32 of 1st period - Slapshot by Dany Roussin.
17:32 of 1st period - Stopped by Marek Schwarz without a rebound.
17:33 of 1st period - Jay Beagle wins face-off versus Zenon Konopka in Patriotes zone.
17:34 of 1st period - Snap shot by Adam Hall.
17:34 of 1st period - Shot Blocked by Lauri Tukonen.
17:36 of 1st period - Slapshot by Dougie Hamilton.
17:36 of 1st period - Deflect By Ryan Wilson.
17:36 of 1st period - Stopped by Marek Schwarz with a rebound.
17:38 of 1st period - Snap shot by Scott Parse.
17:38 of 1st period - Shot Blocked by Ryan Wilson.
17:40 of 1st period - Wrist shot by Scott Parse.
17:40 of 1st period - Stopped by Marek Schwarz without a rebound.
17:41 of 1st period - Zenon Konopka wins face-off versus Scott Parse in Patriotes zone.
17:43 of 1st period - Minor Penalty to Robbie Russo for Interference.
17:44 of 1st period - Andrew Gordon wins face-off versus Jay Beagle in Patriotes zone.
18:33 of 1st period - Anthony Bitetto is hit by Pierre-Alexandre Parenteau.
19:43 of 1st period - Penalty to Robbie Russo is over, Robbie Russo is back on ice.
19:58 of 1st period - Slapshot by Dalton Smith.
19:58 of 1st period - Stopped by Marek Schwarz with a rebound.
Goals for this period are 0 for Thunder vs 0 for Patriotes.
Shots for this period are 15 for Thunder vs 21 for Patriotes.
2nd period
0:01 of 2nd period - Christian Hanson wins face-off versus Jay Beagle in neutral zone.
0:16 of 2nd period - Snap shot by Christian Hanson.
0:16 of 2nd period - Stopped by Matt Murray without a rebound.
0:17 of 2nd period - Daultan Leveillé wins face-off versus Zenon Konopka in Thunder zone.
0:24 of 2nd period - Vince Hinostroza is hit by Dany Roussin.
0:28 of 2nd period - Snap shot by Dany Roussin.
0:28 of 2nd period - Deflect By Timothy Kunes.
0:28 of 2nd period - Shot Misses the Net.
0:28 of 2nd period - Puck is out of play.
0:29 of 2nd period - Jay Beagle wins face-off versus Christian Hanson in Patriotes zone.
0:30 of 2nd period - Wrist shot by Scott Parse.
0:30 of 2nd period - Shot Misses the Net.
0:40 of 2nd period - Slapshot by Timothy Kunes.
0:40 of 2nd period - Shot Blocked by Dougie Hamilton.
0:42 of 2nd period - Slapshot by Timothy Kunes.
0:42 of 2nd period - Stopped by Matt Murray without a rebound.
0:43 of 2nd period - Jay Beagle wins face-off versus Christian Hanson in Thunder zone.
0:52 of 2nd period - Snap shot by Andrew Gordon.
0:52 of 2nd period - Deflect By Christian Hanson.
0:52 of 2nd period - Shot Misses the Net.
0:52 of 2nd period - Puck is out of play.
0:53 of 2nd period - Jay Beagle wins face-off versus Andrew Gordon in Thunder zone.
0:53 of 2nd period - Jay Beagle is hit by Justin Florek.
1:00 of 2nd period - Icing by Brett Festerling.
1:01 of 2nd period - Jay Beagle wins face-off versus Christian Hanson in Thunder zone.
1:06 of 2nd period - Christian Hanson is hit by Scott Parse and loses puck.
1:11 of 2nd period - Wrist shot by Jay Beagle.
1:11 of 2nd period - Shot Hit the Post.
1:13 of 2nd period - Slapshot by Brett Festerling.
1:13 of 2nd period - Shot Misses the Net.
1:15 of 2nd period - Snap shot by Adam Hall.
1:15 of 2nd period - Shot Blocked by Christian Hanson.
1:17 of 2nd period - Slapshot by David Fischer.
1:17 of 2nd period - Shot Blocked by Ryan Wilson.
1:31 of 2nd period - Snap shot by Jay Beagle.
1:31 of 2nd period - Shot Misses the Net.
1:41 of 2nd period - Adam Hall is hit by Timothy Kunes and loses puck.
1:58 of 2nd period - Christian Hanson is hit by Adam Hall and loses puck.
2:03 of 2nd period - Wrist shot by Adam Hall.
2:03 of 2nd period - Shot Misses the Net.
2:05 of 2nd period - Slapshot by Scott Parse.
2:05 of 2nd period - Stopped by Marek Schwarz without a rebound.
2:06 of 2nd period - Zenon Konopka wins face-off versus Daultan Leveillé in Patriotes zone.
2:21 of 2nd period - Wrist shot by Dany Roussin.
2:21 of 2nd period - Shot Misses the Net.
2:41 of 2nd period - Off-side.
2:42 of 2nd period - Zenon Konopka wins face-off versus Daultan Leveillé in neutral zone.
3:49 of 2nd period - Adam Hall is hit by Vince Hinostroza and loses puck.
4:34 of 2nd period - Backhand shot by Andrew Gordon.
4:34 of 2nd period - Shot Misses the Net.
4:52 of 2nd period - Wrist shot by Scott Parse.
4:52 of 2nd period - Stopped by Marek Schwarz with a rebound.
4:54 of 2nd period - Slapshot by Jay Beagle.
4:54 of 2nd period - Shot Misses the Net.
5:00 of 2nd period - Minor Penalty to Lauri Tukonen for Tripping.
5:01 of 2nd period - Andrew Gordon wins face-off versus Jay Beagle in Patriotes zone.
5:39 of 2nd period - Snap shot by Adam Hall.
5:39 of 2nd period - Goal by Adam Hall - Thunder : 1 - Patriotes : 0.
5:40 of 2nd period - Christian Hanson wins face-off versus Daultan Leveillé in neutral zone.
5:53 of 2nd period - Wrist shot by Dany Roussin.
5:53 of 2nd period - Stopped by Marek Schwarz without a rebound.
5:54 of 2nd period - Jay Beagle wins face-off versus Christian Hanson in Patriotes zone.
6:39 of 2nd period - Off-side.
6:40 of 2nd period - Evgeny Kuznetsov wins face-off versus Joe Labate in neutral zone.
6:47 of 2nd period - Wrist shot by Evgeny Kuznetsov.
6:47 of 2nd period - Stopped by Matt Murray with a rebound.
6:49 of 2nd period - Snap shot by Evgeny Kuznetsov.
6:49 of 2nd period - Stopped by Matt Murray with a rebound.
6:51 of 2nd period - Slapshot by Ryan Wilson.
6:51 of 2nd period - Shot Misses the Net.
6:53 of 2nd period - Slapshot by Emerson Etem.
6:53 of 2nd period - Shot Misses the Net.
6:55 of 2nd period - Snap shot by Ryan Wilson.
6:55 of 2nd period - Goal by Ryan Wilson - Thunder : 1 - Patriotes : 1.
6:56 of 2nd period - Christian Hanson wins face-off versus Jay Beagle in neutral zone.
7:21 of 2nd period - Zenon Konopka is hit by Dany Roussin and loses puck.
8:08 of 2nd period - Slapshot by Dougie Hamilton.
8:08 of 2nd period - Deflect By Dalton Smith.
8:08 of 2nd period - Stopped by Marek Schwarz with a rebound.
8:30 of 2nd period - Snap shot by Adam Hall.
8:30 of 2nd period - Stopped by Marek Schwarz with a rebound.
8:32 of 2nd period - Slapshot by Dougie Hamilton.
8:32 of 2nd period - Shot Misses the Net.
8:51 of 2nd period - Off-side.
8:52 of 2nd period - Christian Hanson wins face-off versus Jay Beagle in neutral zone.
9:03 of 2nd period - Wrist shot by Christian Hanson.
9:03 of 2nd period - Deflect By Andrew Gordon.
9:03 of 2nd period - Shot Blocked by Adam Hall.
9:03 of 2nd period - Puck is out of play.
9:04 of 2nd period - Christian Hanson wins face-off versus Jay Beagle in Thunder zone.
9:10 of 2nd period - Minor Penalty to Joey Ryan for Interference.
9:11 of 2nd period - Christian Hanson wins face-off versus Scott Parse in Thunder zone.
9:23 of 2nd period - Wrist shot by Andrew Gordon.
9:23 of 2nd period - Stopped by Matt Murray with a rebound.
9:25 of 2nd period - Wrist shot by Christian Hanson.
9:25 of 2nd period - Stopped by Matt Murray with a rebound.
9:27 of 2nd period - Snap shot by Andrew Gordon.
9:27 of 2nd period - Stopped by Matt Murray with a rebound.
11:10 of 2nd period - Penalty to Joey Ryan is over, Joey Ryan is back on ice.
11:20 of 2nd period - Wrist shot by Evgeny Kuznetsov.
11:20 of 2nd period - Stopped by Matt Murray with a rebound.
11:22 of 2nd period - Snap shot by Evgeny Kuznetsov.
11:22 of 2nd period - Shot Misses the Net.
11:24 of 2nd period - Slapshot by Anthony Bitetto.
11:24 of 2nd period - Shot Blocked by Joey Ryan.
11:26 of 2nd period - Wrist shot by Evgeny Kuznetsov.
11:26 of 2nd period - Goal by Evgeny Kuznetsov - Thunder : 1 - Patriotes : 2.
11:27 of 2nd period - Evgeny Kuznetsov wins face-off versus Daultan Leveillé in neutral zone.
12:30 of 2nd period - Double Minor Penalty to David Wolf for Roughing.
12:31 of 2nd period - Scott Parse wins face-off versus Christian Hanson in Thunder zone.
13:37 of 2nd period - Wrist shot by Adam Hall.
13:37 of 2nd period - Stopped by Marek Schwarz with a rebound.
13:39 of 2nd period - Snap shot by Adam Hall.
13:39 of 2nd period - Deflect By Zenon Konopka.
13:39 of 2nd period - Stopped by Marek Schwarz with a rebound.
13:41 of 2nd period - Slapshot by Brett Festerling.
13:41 of 2nd period - Shot Misses the Net.
14:53 of 2nd period - Icing by Jared Knight.
14:54 of 2nd period - Jared Knight wins face-off versus Zach Stepan in Patriotes zone.
15:08 of 2nd period - Dany Roussin is hit by Timothy Kunes and loses puck.
16:30 of 2nd period - Penalty to David Wolf is over, David Wolf is back on ice.
16:48 of 2nd period - Snap shot by Evgeny Kuznetsov.
16:48 of 2nd period - Stopped by Matt Murray with a rebound.
17:21 of 2nd period - Zach Stepan is hit by Emerson Etem and loses puck.
17:44 of 2nd period - Phil McRae is hit by David Fischer and loses puck.
18:17 of 2nd period - Snap shot by Dany Roussin.
18:17 of 2nd period - Shot Blocked by Lauri Tukonen.
18:35 of 2nd period - Jared Staal is hit by Andrew Gordon and loses puck.
19:04 of 2nd period - Ryan Wilson is hit by Joe Labate.
19:20 of 2nd period - Emerson Etem is hit by Olli Maatta and loses puck.
Goals for this period are 1 for Thunder vs 2 for Patriotes.
Shots for this period are 8 for Thunder vs 11 for Patriotes.
3rd period
0:01 of 3rd period - Jay Beagle wins face-off versus Christian Hanson in neutral zone.
0:15 of 3rd period - Minor Penalty to Justin Florek for Holding Stick.
0:16 of 3rd period - Jay Beagle wins face-off versus Andrew Gordon in Patriotes zone.
1:07 of 3rd period - Slapshot by Adam Hall.
1:07 of 3rd period - Stopped by Marek Schwarz without a rebound.
1:08 of 3rd period - Zenon Konopka wins face-off versus Jay Beagle in Patriotes zone.
2:15 of 3rd period - Penalty to Justin Florek is over, Justin Florek is back on ice.
3:08 of 3rd period - David Kolomatis is hit by Scott Parse.
3:19 of 3rd period - Off-side.
3:20 of 3rd period - Joe Labate wins face-off versus Phil McRae in neutral zone.
3:34 of 3rd period - Phil McRae is hit by David Wolf and loses puck.
3:55 of 3rd period - Snap shot by David Wolf.
3:55 of 3rd period - Stopped by Marek Schwarz with a rebound.
5:21 of 3rd period - Snap shot by David Wolf.
5:21 of 3rd period - Stopped by Marek Schwarz with a rebound.
5:23 of 3rd period - Wrist shot by David Wolf.
5:23 of 3rd period - Shot Blocked by Anthony Bitetto.
5:42 of 3rd period - Icing by Anthony Bitetto.
5:43 of 3rd period - Phil McRae wins face-off versus Jay Beagle in Patriotes zone.
5:50 of 3rd period - Snap shot by Zach Budish.
5:50 of 3rd period - Stopped by Matt Murray with a rebound.
5:52 of 3rd period - Snap shot by Andrew Gordon.
5:52 of 3rd period - Goal by Andrew Gordon - Thunder : 1 - Patriotes : 3.
5:53 of 3rd period - Jay Beagle wins face-off versus Zenon Konopka in neutral zone.
6:00 of 3rd period - Slapshot by Jay Beagle.
6:00 of 3rd period - Deflect By Scott Parse.
6:00 of 3rd period - Stopped by Marek Schwarz without a rebound.
6:01 of 3rd period - Zenon Konopka wins face-off versus Jay Beagle in Patriotes zone.
6:28 of 3rd period - Slapshot by Ryan Wilson.
6:28 of 3rd period - Shot Blocked by Pierre-Alexandre Parenteau.
6:30 of 3rd period - Slapshot by Emerson Etem.
6:30 of 3rd period - Stopped by Matt Murray without a rebound.
6:31 of 3rd period - Daultan Leveillé wins face-off versus Evgeny Kuznetsov in Thunder zone.
6:35 of 3rd period - Icing by Pierre-Alexandre Parenteau.
6:36 of 3rd period - Evgeny Kuznetsov wins face-off versus Daultan Leveillé in Thunder zone.
6:45 of 3rd period - Wrist shot by Emerson Etem.
6:45 of 3rd period - Shot Misses the Net.
7:01 of 3rd period - Snap shot by Pierre-Alexandre Parenteau.
7:01 of 3rd period - Stopped by Marek Schwarz without a rebound.
7:02 of 3rd period - Adam Hall wins face-off versus Zenon Konopka in Patriotes zone.
7:11 of 3rd period - Snap shot by Scott Parse.
7:11 of 3rd period - Shot Blocked by Zenon Konopka.
7:35 of 3rd period - Off-side.
7:36 of 3rd period - Zach Stepan wins face-off versus Christian Hanson in neutral zone.
7:43 of 3rd period - Wrist shot by Thomas Spelling.
7:43 of 3rd period - Shot Misses the Net.
8:28 of 3rd period - Timothy Kunes is hit by Scott Parse and loses puck.
8:47 of 3rd period - Snap shot by Christian Hanson.
8:47 of 3rd period - Deflect By Dougie Hamilton.
8:47 of 3rd period - Goal by Christian Hanson - Thunder : 1 - Patriotes : 4.
8:48 of 3rd period - Christian Hanson wins face-off versus Jay Beagle in neutral zone.
9:01 of 3rd period - Snap shot by Andrew Gordon.
9:01 of 3rd period - Shot Blocked by David Fischer.
9:03 of 3rd period - Snap shot by Justin Florek.
9:03 of 3rd period - Stopped by Matt Murray with a rebound.
9:09 of 3rd period - Minor Penalty to David Fischer for Roughing.
9:10 of 3rd period - Christian Hanson wins face-off versus Scott Parse in Thunder zone.
9:25 of 3rd period - Slapshot by Timothy Kunes.
9:25 of 3rd period - Goal by Timothy Kunes - Thunder : 1 - Patriotes : 5.
9:26 of 3rd period - Jay Beagle wins face-off versus Christian Hanson in neutral zone.
10:20 of 3rd period - Slapshot by Brett Festerling.
10:20 of 3rd period - Stopped by Marek Schwarz without a rebound.
10:21 of 3rd period - Jay Beagle wins face-off versus Evgeny Kuznetsov in Patriotes zone.
10:33 of 3rd period - Icing by Anthony Bitetto.
10:34 of 3rd period - Evgeny Kuznetsov wins face-off versus Jay Beagle in Patriotes zone.
10:49 of 3rd period - Snap shot by Evgeny Kuznetsov.
10:49 of 3rd period - Stopped by Matt Murray with a rebound.
11:05 of 3rd period - Emerson Etem is hit by Dany Roussin and loses puck.
11:30 of 3rd period - Slapshot by Thomas Spelling.
11:30 of 3rd period - Stopped by Marek Schwarz with a rebound.
11:36 of 3rd period - Minor Penalty to Anthony Bitetto for Hooking.
11:37 of 3rd period - Jay Beagle wins face-off versus Andrew Gordon in Patriotes zone.
13:02 of 3rd period - Icing by Dany Roussin.
13:03 of 3rd period - Daultan Leveillé wins face-off versus Riley Barber in Thunder zone.
13:15 of 3rd period - Icing by Scott Parse.
13:16 of 3rd period - Jay Beagle wins face-off versus Andrew Gordon in Thunder zone.
13:23 of 3rd period - Slapshot by Scott Parse.
13:23 of 3rd period - Goal by Scott Parse - Thunder : 2 - Patriotes : 5.
13:24 of 3rd period - Adam Hall wins face-off versus Christian Hanson in neutral zone.
13:43 of 3rd period - Adam Hall is hit by Ryan Wilson and loses puck.
13:54 of 3rd period - Slapshot by Dougie Hamilton.
13:54 of 3rd period - Deflect By Ryan Wilson.
13:54 of 3rd period - Stopped by Marek Schwarz without a rebound.
13:55 of 3rd period - Daultan Leveillé wins face-off versus Zenon Konopka in Patriotes zone.
14:20 of 3rd period - Brett Festerling is hit by Austin Watson and loses puck.
14:46 of 3rd period - Ryan Wilson is hit by Dalton Smith and loses puck.
15:07 of 3rd period - Snap shot by Pierre-Alexandre Parenteau.
15:07 of 3rd period - Stopped by Marek Schwarz with a rebound.
15:09 of 3rd period - Snap shot by Dany Roussin.
15:09 of 3rd period - Shot Misses the Net.
15:23 of 3rd period - Slapshot by David Fischer.
15:23 of 3rd period - Stopped by Marek Schwarz with a rebound.
15:25 of 3rd period - Slapshot by Brett Festerling.
15:25 of 3rd period - Stopped by Marek Schwarz with a rebound.
15:27 of 3rd period - Wrist shot by Adam Hall.
15:27 of 3rd period - Shot Misses the Net.
15:29 of 3rd period - Backhand shot by Scott Parse.
15:29 of 3rd period - Shot Misses the Net.
15:31 of 3rd period - Backhand shot by Joey Ryan.
15:31 of 3rd period - Shot Misses the Net.
15:33 of 3rd period - Snap shot by Jay Beagle.
15:33 of 3rd period - Shot Misses the Net.
15:54 of 3rd period - Wrist shot by Emerson Etem.
15:54 of 3rd period - Shot Misses the Net.
16:12 of 3rd period - Wrist shot by Evgeny Kuznetsov.
16:12 of 3rd period - Shot Misses the Net.
16:14 of 3rd period - Snap shot by Emerson Etem.
16:14 of 3rd period - Goal by Emerson Etem - Thunder : 2 - Patriotes : 6.
16:15 of 3rd period - Christian Hanson wins face-off versus Jay Beagle in neutral zone.
16:20 of 3rd period - Snap shot by Ryan Wilson.
16:20 of 3rd period - Stopped by Matt Murray with a rebound.
16:45 of 3rd period - Slapshot by Brett Festerling.
16:45 of 3rd period - Shot Misses the Net.
16:47 of 3rd period - Snap shot by Brett Festerling.
16:47 of 3rd period - Deflect By Ryan Wilson.
16:47 of 3rd period - Stopped by Marek Schwarz with a rebound.
16:49 of 3rd period - Wrist shot by Pierre-Alexandre Parenteau.
16:49 of 3rd period - Stopped by Marek Schwarz with a rebound.
17:19 of 3rd period - Slapshot by Brett Festerling.
17:19 of 3rd period - Deflect By Aaron Ness.
17:19 of 3rd period - Stopped by Marek Schwarz without a rebound.
17:20 of 3rd period - Evgeny Kuznetsov wins face-off versus Joe Labate in Patriotes zone.
17:25 of 3rd period - Slapshot by David Kolomatis.
17:25 of 3rd period - Stopped by Matt Murray without a rebound.
17:26 of 3rd period - Christian Hanson wins face-off versus Jay Beagle in Thunder zone.
17:29 of 3rd period - Wrist shot by Andrew Gordon.
17:29 of 3rd period - Shot Misses the Net.
17:31 of 3rd period - Backhand shot by Justin Florek.
17:31 of 3rd period - Stopped by Matt Murray without a rebound.
17:32 of 3rd period - Scott Parse wins face-off versus Christian Hanson in Thunder zone.
17:39 of 3rd period - Wrist shot by Adam Hall.
17:39 of 3rd period - Shot Misses the Net.
17:41 of 3rd period - Slapshot by Adam Hall.
17:41 of 3rd period - Goal by Adam Hall - Thunder : 3 - Patriotes : 6.
17:42 of 3rd period - Christian Hanson wins face-off versus Jay Beagle in neutral zone.
17:54 of 3rd period - Icing by Ryan Wilson.
17:55 of 3rd period - Christian Hanson wins face-off versus Adam Hall in Patriotes zone.
17:57 of 3rd period - Ryan Wilson is hit by Scott Parse.
18:32 of 3rd period - Wrist shot by Christian Hanson.
18:32 of 3rd period - Stopped by Matt Murray with a rebound.
18:34 of 3rd period - Snap shot by Justin Florek.
18:34 of 3rd period - Stopped by Matt Murray without a rebound.
18:35 of 3rd period - Zenon Konopka wins face-off versus Pierre-Alexandre Parenteau in Thunder zone.
18:47 of 3rd period - Minor Penalty to Brett Festerling for Hooking.
18:48 of 3rd period - Christian Hanson wins face-off versus Scott Parse in Thunder zone.
19:05 of 3rd period - Minor Penalty to David Fischer for Hooking.
19:06 of 3rd period - Christian Hanson wins face-off versus Scott Parse in Thunder zone.
19:14 of 3rd period - Slapshot by Ryan Wilson.
19:14 of 3rd period - Deflect By Andrew Gordon.
19:14 of 3rd period - Shot Misses the Net.
19:14 of 3rd period - Puck is out of play.
19:15 of 3rd period - Scott Parse wins face-off versus Christian Hanson in Thunder zone.
19:32 of 3rd period - Wrist shot by Andrew Gordon.
19:32 of 3rd period - Stopped by Matt Murray with a rebound.
19:34 of 3rd period - Wrist shot by Christian Hanson.
19:34 of 3rd period - Shot Misses the Net.
19:38 of 3rd period - Snap shot by Andrew Gordon.
19:38 of 3rd period - Patriotes goal is going for a video replay.
19:38 of 3rd period - The goal is refused. The attacking player has interfered with a goalkeeper in his goal crease..
19:39 of 3rd period - Scott Parse wins face-off versus Vince Hinostroza in Thunder zone.
19:39 of 3rd period - Scott Parse is hit by Timothy Kunes.
19:58 of 3rd period - Scott Parse is hit by Christian Hanson and loses puck.
Goals for this period are 2 for Thunder vs 4 for Patriotes.
Shots for this period are 16 for Thunder vs 15 for Patriotes.
Back to the Top